AoeStats
← DOBBY -.-

Arena

505440529Analyzed
4v4 RM · 22d ago on Sep 9, 2026· 73m 9s· 8 players
Game mode
Random Map
Map size
Large (8 player)
Population
200
Speed
Normal
Resources
Standard
Victory
Conquest
Starting age
Dark Age
Ending age
Imperial Age
RankedLock teamsTeams togetherTeam positionsShared explorationLock speedFull tech treeHidden civsTurbo modeCheats
Victory
Defeat
🇧🇴 Celts · Bolivia
836
+10
🇦🇷 Saracens · Argentina
806
+11
🇹🇼 Spanish · Taiwan
773
+13
🇯🇵 Franks · Japan
616
+18
🇯🇵 Persians · Japan
750
-15
🇲🇽 Goths · Mexico
725
-14
🇦🇷 Wu · Argentina
697
-13
🇷🇴 Khmer · Romania
615
-10
shadowdxg
14:09 Feudal Age
18:03 Castle Age
16:41 Double-Bit Axe
16:40 Horse Collar
19:42 Wheelbarrow
20:25 Bow Saw
21:26 Heavy Plow
27:41 Gold Mining
31:21 Imperial Age
31:05 Hand Cart
32:15 Perfusion
32:15 Anarchy
32:36 Conscription
32:32 Forging
33:49 Iron Casting
33:14 Scale Mail Armor
32:40 Pikeman
34:30 Squires
35:37 Blast Furnace
36:26 Chain Mail Armor
36:19 Halberdier
38:58 Man-at-Arms
39:19 Long Swordsman
39:33 Two-Handed Swordsman
39:49 Champion
42:37 Ballistics
43:17 Chemistry
53:51 Elite Huskarl
DOBBY -.-
11:46 Feudal Age
13:40 Double-Bit Axe
15:27 Loom
20:07 Castle Age
21:05 Fletching
22:27 Padded Archer Armor
22:46 Bodkin Arrow
26:44 Leather Archer Armor
29:03 Ballistics
29:54 Wheelbarrow
31:33 Masonry
35:14 Imperial Age
33:51 Bow Saw
33:24 Horse Collar
37:01 Crossbowman
37:47 Bracer
40:19 Chemistry
41:55 Arbalester
47:11 Architecture
50:26 Gold Mining
50:46 Elite Skirmisher
sada613
10:40 Feudal Age
11:02 Double-Bit Axe
11:11 Gold Mining
13:24 Wheelbarrow
12:43 Stone Mining
12:35 Horse Collar
18:32 Castle Age
19:02 Forging
18:57 Scale Barding Armor
18:42 Fletching
19:17 Scale Barding Armor
20:45 Loom
20:45 Town Watch
23:07 Fletching
25:47 Heavy Plow
25:59 Bow Saw
26:25 Stone Shaft Mining
32:32 Imperial Age
30:30 Hand Cart
30:16 Town Patrol
33:01 Caravan
32:36 Elite War Elephant
34:12 Citadels
37:49 Gold Shaft Mining
43:13 Citadels
44:22 Conscription
45:46 Bloodlines
45:36 Husbandry
44:58 Light Cavalry
pentrusmurf
0:58 Loom
20:33 Feudal Age
21:50 Wheelbarrow
21:11 Double-Bit Axe
21:11 Horse Collar
23:13 Gold Mining
23:15 Stone Mining
23:22 Stone Mining
27:48 Castle Age
27:50 Fletching
29:31 Padded Archer Armor
29:43 Forging
29:35 Scale Mail Armor
29:44 Scale Barding Armor
29:54 Bow Saw
30:11 Hand Cart
30:09 Heavy Plow
30:25 Bodkin Arrow
31:50 Leather Archer Armor
32:14 Fortified Wall
31:56 Heated Shot
35:27 Chain Barding Armor
35:23 Chain Mail Armor
35:46 Iron Casting
37:55 Imperial Age
36:22 Tusk Swords
41:51 Bracer
45:40 Ring Archer Armor
49:57 Elite Ballista Elephant
55:04 Conscription
54:48 Double Crossbow
56:07 Ballistics
56:21 Husbandry
55:42 Cavalier
58:18 Blast Furnace
57:24 Murder Holes
57:37 Siege Engineers
57:43 Masonry
65:03 Plate Barding Armor
65:24 Town Watch
HATZUNE MIKU
10:09 Feudal Age
10:40 Double-Bit Axe
10:48 Horse Collar
16:19 Wheelbarrow
19:46 Castle Age
19:04 Stone Mining
19:36 Gold Mining
20:56 Bow Saw
20:49 Heavy Plow
21:12 Hand Cart
22:27 Gold Shaft Mining
22:28 Stone Shaft Mining
26:10 Scale Barding Armor
26:18 Forging
26:09 Scale Mail Armor
28:50 Town Watch
28:50 Loom
29:33 Town Patrol
32:50 Imperial Age
31:41 Iron Casting
31:22 Chain Mail Armor
32:05 Treadmill Crane
32:48 Ballistics
33:55 Murder Holes
35:03 Chemistry
35:39 Blast Furnace
35:09 Plate Mail Armor
34:31 Elite Woad Raider
35:04 Stronghold
37:32 Fortified Wall
37:33 Masonry
44:57 Fletching
45:07 Padded Archer Armor
70:29 Spies/Treason
emanuelvicente14
11:13 Feudal Age
15:19 Castle Age
14:57 Double-Bit Axe
17:40 Horse Collar
25:23 Bow Saw
26:08 Wheelbarrow
26:29 Stone Mining
26:37 Gold Mining
27:20 Heavy Plow
28:28 Gold Shaft Mining
31:57 Imperial Age
30:08 Hand Cart
31:23 Forging
31:13 Scale Mail Armor
31:19 Scale Barding Armor
31:15 Padded Archer Armor
31:06 Fletching
32:35 Husbandry
32:46 Bloodlines
32:08 Heavy Camel Rider
38:08 Chain Barding Armor
38:04 Chain Mail Armor
38:24 Iron Casting
39:13 Elite Skirmisher
39:58 Thumb Ring
40:25 Leather Archer Armor
40:39 Parthian Tactics
42:12 Chemistry
41:09 Murder Holes
46:21 Conscription
49:11 Two-Man Saw
53:20 Plate Barding Armor
53:16 Plate Mail Armor
53:17 Ring Archer Armor
53:48 Blast Furnace
52:44 Bodkin Arrow
57:08 Caravan
58:50 Capped Ram
61:32 Siege Ram
68:25 Light Cavalry
69:25 Hussar
70:16 Spies/Treason
72:25 Bracer
店長
4:22 Loom
10:09 Feudal Age
18:30 Castle Age
16:44 Double-Bit Axe
18:07 Scale Barding Armor
18:13 Forging
20:04 Wheelbarrow
20:59 Bow Saw
22:21 Hand Cart
23:28 Light Cavalry
24:09 Husbandry
31:51 Imperial Age
29:15 Stone Mining
29:15 Gold Mining
30:04 Town Watch
31:01 Chain Barding Armor
31:16 Iron Casting
30:32 Fletching
31:34 Gold Shaft Mining
31:47 Town Patrol
31:54 Scale Mail Armor
32:58 Fortified Wall
33:50 Chemistry
32:18 Cavalier
33:48 Paladin
35:52 Chivalry
36:13 Pikeman
36:53 Squires
36:40 Gambesons
38:04 Plate Barding Armor
38:30 Blast Furnace
37:56 Conscription
38:29 Halberdier
39:30 Chain Mail Armor
39:34 Bodkin Arrow
41:12 Arson
42:32 Arson
46:02 Plate Mail Armor
45:48 Arson
46:51 Arson
48:54 Padded Archer Armor
68:42 #83
67:44 Elite Throwing Axeman
吼哩嘎在
11:37 Feudal Age
12:50 Double-Bit Axe
14:33 Horse Collar
17:32 Castle Age
20:15 Heavy Plow
21:27 Bow Saw
30:56 Imperial Age
27:59 Elite Skirmisher
28:36 Fletching
28:27 Pikeman
29:07 Squires
29:15 Bodkin Arrow
31:08 Wheelbarrow
31:58 Conscription
33:24 Chemistry
32:45 Ballistics
32:30 Inquisition
32:27 Halberdier
33:41 Gold Mining
34:42 Bracer
45:00 Block Printing
45:10 Sanctity
47:13 Redemption
50:04 Husbandry
49:25 Cavalier
51:01 Bloodlines
50:11 Light Cavalry
51:37 Padded Archer Armor
52:42 Theocracy
52:37 Illumination
60:32 Hussar
63:55 Caravan
64:02 Paladin
67:18 Two-Man Saw
67:12 Leather Archer Armor
70:35 Spies/Treason
Connection lost

Rejoining the realm…

Still unreachable

The connection could not be restored.

Session expired

The server has moved on; the page needs a fresh start.